 Dungeon Crawl Stone Soup version 0.29.1-15-g9cfb28693d (webtiles) character file.

Game seed: 16658548651450199851

4638 Kranky the Basher (level 10, -1/69 (76) HPs)
             Began as a Gnoll Wanderer on Apr 23, 2023.
             Was an Elder of Okawaru.
             Slain by a vampire (4 damage)
             ... on level 8 of the Dungeon.
             The game lasted 00:24:27 (9799 turns).

Kranky the Basher (Gnoll Wanderer)                  Turns: 9799, Time: 00:24:28

HP:   -1/69 (76)    AC: 12    Str: 11    XL:     10   Next: 43%
MP:   17/18         EV: 12    Int:  7    God:    Okawaru [****..]
Gold: 378           SH:  0    Dex: 17    Spells: 19/19 levels left

rFire   . . .      SeeInvis +   t - +8 falchion "Vadghuts" {drain, SInv}
rCold   + . .      Faith    .   c - +0 buckler
rNeg    . . .      Spirit   .   o - +3 ring mail of Pragmatism {+Blink +Inv Str-4}
rPois   .          Reflect  .   (no helmet)
rElec   .          Harm     .   (no cloak)
rCorr   .          Rampage  .   (no gloves)
Will    .....                   l - +2 pair of boots {Fly}
Stlth   +.........              (no amulet)
HPRegen 0.21/turn               u - ring of protection from cold
MPRegen 0.16/turn               (no ring)

@: confused, flying, drained, invisible
A: fangs 1, strong nose, distributed training
a: Renounce Religion, Evoke Blink, Evoke Invisibility, Heroism, Finesse


You were on level 8 of the Dungeon.
You worshipped Okawaru.
Okawaru was greatly pleased with you.
You visited 2 branches of the dungeon, and saw 9 of its levels.
You also visited: Bailey.

You collected 482 gold pieces.
You spent 104 gold pieces at shops.

Inventory:

Hand Weapons
 j - a +2 flail of protection
 r - the +6 rapier of the Sneaky Spines {holy, Str+4 Int+6 Dex+2}
   (You found it in a bailey)

   It has been blessed by the Shining One to cause great damage to the undead
   and demons.
   Str:       It affects your strength (+4).
   Int:       It affects your intelligence (+6).
   Dex:       It affects your dexterity (+2).
 t - the +8 falchion "Vadghuts" (weapon) {drain, SInv}
   (You found it on level 3 of the Dungeon)

   A truly terrible weapon, it drains the life of any living foe it strikes.
   SInv:      It lets you see invisible.
Missiles
 e - 4 curare-tipped darts
 H - 10 poisoned darts (quivered)
Armour
 c - a +0 buckler (worn)
 l - a +2 pair of boots of flying (worn)
 o - the +3 ring mail of Pragmatism (worn) {+Blink +Inv Str-4}
   (You found it on level 2 of the Dungeon)

   Str:       It affects your strength (-4).
   +Inv:      It lets you turn invisible.
   +Blink:    It lets you blink.
 I - +0 fire dragon scales
Jewellery
 u - a ring of protection from cold (left hand)
 x - a ring of fire
 G - an amulet of reflection
Wands
 v - a wand of polymorph (10)
 C - a wand of roots (17)
Scrolls
 a - 2 scrolls of magic mapping
 d - 5 scrolls of teleportation
 g - 2 scrolls of enchant weapon
 h - 2 scrolls of amnesia
 i - 2 scrolls of enchant armour {unknown}
 m - a scroll of fog
 s - 2 scrolls of immolation
 w - a scroll of fear
 y - a scroll of identify
 B - a scroll of silence
Potions
 b - 2 potions of curing {unknown}
 f - a potion of cancellation
 n - a potion of might {unknown}
 p - a potion of resistance {unknown}
 q - a potion of ambrosia
 z - a potion of haste {unknown}
 A - 3 potions of brilliance
 D - 5 potions of flight
 E - 2 potions of lignification {unknown}
 J - a potion of magic {unknown}
Miscellaneous
 F - a condenser vane


   Skills:
 + Level 6.1 Fighting
 + Level 5.4 Short Blades
 + Level 7.2 Long Blades
 + Level 5.4 Axes
 + Level 10.2 Maces & Flails
 + Level 5.4 Polearms
 + Level 5.4 Staves
 + Level 5.4 Ranged Weapons
 + Level 5.4 Throwing
 + Level 6.1 Armour
 + Level 5.4 Dodging
 + Level 5.4 Stealth
 + Level 7.2 Shields
 + Level 5.4 Unarmed Combat
 + Level 5.4 Spellcasting
 + Level 4.5 Conjurations
 + Level 4.5 Hexes
 + Level 4.5 Summonings
 + Level 4.5 Necromancy
 + Level 4.5 Translocations
 + Level 4.5 Transmutations
 + Level 4.5 Fire Magic
 + Level 4.5 Ice Magic
 + Level 4.5 Air Magic
 + Level 4.5 Earth Magic
 + Level 4.5 Poison Magic
 + Level 6.0 Invocations
 + Level 5.4 Evocations


You had 19 spell levels left.
You didn't know any spells.
Your spell library contained the following spells:

 Spells                   Type           Power      Damage    Failure   Level
 Apportation              Tloc           16%        N/A       12%         1
 Foxfire                  Conj/Fire      32%        2x1d5     12%         1
 Necrotise                Necr           32%        1d5       12%         1
 Blink                    Tloc           16%        N/A       17%         2
 Confusing Touch          Hex            8%         N/A       34%         3
 Conjure Flame            Conj/Fire      8%         6-21      34%         3
 Inner Flame              Hex/Fire       8%         N/A       34%         3
 Lesser Beckoning         Tloc           8%         N/A       34%         3
 Ozocubu's Armour         Ice            8%         N/A       34%         3
 Portal Projectile        Hex/Tloc       16%        N/A       34%         3
 Anguish                  Hex/Necr       4%         N/A       75%         4
 Flame Wave               Conj/Fire      8%         2d5       75%         4
 Fulminant Prism          Conj/Hex       4%         3d6       75%         4
 Iskenderun's Mystic Bla  Conj/Tloc      8%         2d4       75%         4
 Leda's Liquefaction      Hex/Erth       4%         N/A       75%         4
 Blade Hands              Tmut           4%         N/A       97%         5
 Lee's Rapid Deconstruct  Erth           4%         3d6*      97%         5
 Manifold Assault         Tloc           8%         N/A       97%         5
 Yara's Violent Unravell  Hex/Tmut       4%         3d4       97%         5
 Statue Form              Tmut/Erth      5%         N/A       100%        6
 Enfeeble                 Hex            4%         N/A       100%        7
 Ozocubu's Refrigeration  Ice            4%         4d8       100%        7
 Summon Small Mammal      Summ           Unusable   N/A       N/A         1
 Tukima's Dance           Hex            Unusable   N/A       N/A         3

Dungeon Overview and Level Annotations

Branches:
Dungeon (8/15)             Temple (1/1) D:5          Bailey (visited)
   Lair: D:8-11

Altars:
Ashenzari
Cheibriados
Dithmenos
Elyvilon
Fedhas
Gozag
Hepliaklqana
Makhleb
Nemelex Xobeh
Okawaru
Qazlal
Ru
Sif Muna
Trog
Uskayaw
Vehumet
Wu Jian
Xom
Yredelemnul
Zin
The Shining One

Shops:
D:1 [   D:3 *   D:5 *   D:8 !


Innate Abilities, Weirdness & Mutations

You have very sharp teeth.
Your uncanny sense of smell can sniff out nearby items.
Your experience applies equally to all skills.


Message History

You see here a +3 vampiric whip.
The vampire hits you but does no damage.
You block the vampire's attack. The vampire attacks as you move away!
The vampire hits you but does no damage.
The vampire completely misses you. The vampire attacks as you move away!
The vampire hits you.
* * * LOW HITPOINT WARNING * * *
The vampire completely misses you.
There is an open door here.
Items here: ))) [[ รท.
Okay, then.
You blink.
You are still too unstable to blink.
The vampire attacks as you move away! You block the vampire's attack.
The vampire bites you.
* * * LOW HITPOINT WARNING * * *
The vampire draws strength from your injuries!
Your magical contamination has completely faded away.
Okay, then.
The vampire closely misses you.
The vampire bites you but does no damage.
The vampire attacks as you move away!
The vampire hits you but does no damage.
The vampire completely misses you.
You feel stable enough to blink again.
You blink.
The vampire gestures at you while chanting.
You are confused.
The vampire points at you and mumbles some strange words.
You resist with some effort.
You feel stable enough to blink again.
You closely miss the vampire. The vampire hits you!
* * * LOW HITPOINT WARNING * * *
The vampire bites you.
* * * LOW HITPOINT WARNING * * *
The vampire draws strength from your injuries!
You fade into invisibility!
The vampire barely misses you. The vampire bites you.
You die...

###### #######....########
.....+....))..+..#
.>..#....#...#..# โˆ†
#...#....##'##..#
#...#....#..##..#
#...#....#......##### โˆ†
#...#..V)#...)......#
#...'...@#####....<.# ####
#...#........#......#
...######...#........#..##..#
...##..##...#####....#..##..# โˆ†
................#....#......#####
................#....#...........
.......##V..##..#....#...........
#####..##..)##..#....#......##...
##..##.[.....#....#..##..###+#


You could see a vampire.

Vanquished Creatures
  Pikel (D:7)
  A cyclops (D:7)
  A cane toad (shapeshifter) (D:8)
  Prince Ribbit (D:7)
  Sigmund (D:3)
  A wyvern (D:6)
  A yak (D:4)
  Edmund (D:6)
  2 water moccasins
  4 ice beasts
  A sky beast (D:6)
  5 orc warriors
  4 ogres
  3 centaurs
  4 lemures (D:7)
  A phantom (D:4)
  A bullfrog (D:5)
  2 kobold brigands (D:5)
  A scorpion (D:5)
  A wight (D:4)
  A howler monkey (D:5)
  2 hounds (D:5)
  3 orc priests
  A gnoll bouda (D:7)
  A jelly (D:4)
  An iguana (D:6)
  Natasha (thrice) (D:3)
  2 orc wizards
  9 gnolls
  4 adders
  A shadow imp (D:7)
  2 white imps (D:5)
  An ufetubus (D:4)
  2 worms (D:2)
  A dart slug (D:2)
  14 orcs
  10 bats
  4 endoplasms
  4 giant cockroaches
  12 goblins
  12 hobgoblins
  4 jackals (D:1)
  5 quokkas
  9 ball pythons
  3 frilled lizards
  32 kobolds
  5 rats
185 creatures vanquished.

Vanquished Creatures (others)
  2 demonic plants (D:2)
2 creatures vanquished.

Grand Total: 187 creatures vanquished

Notes
Turn   | Place    | Note
-------+----------+-------------------------------------------
     0 | D:1      | Kranky the Gnoll Wanderer began the quest for the Orb.
     0 | D:1      | Kranky set off with the following items: a +0 flail, a +0
                  | falchion, a +0 buckler, a scroll of teleportation, a +0
                  | leather armour.
     0 | D:1      | Reached XP level 1. HP: 17/17 MP: 1/1
   250 | D:1      | Reached XP level 2. HP: 23/23 MP: 2/2
   512 | D:1      | Found Vozouq's Antique Armour Shop.
   640 | D:1      | Found a faded altar of an unknown god.
   658 | D:1      | Reached XP level 3. HP: 26/28 MP: 3/3
   946 | D:2      | Reached skill level 1 in Invocations
  1078 | D:2      | Identified the +3 ring mail of Pragmatism {+Blink +Inv
                  | Str-4}
  1541 | D:2      | Reached skill level 1 in Short Blades
  1541 | D:2      | Reached skill level 1 in Axes
  1541 | D:2      | Reached skill level 1 in Polearms
  1541 | D:2      | Reached skill level 1 in Staves
  1541 | D:2      | Reached skill level 1 in Ranged Weapons
  1541 | D:2      | Reached skill level 1 in Throwing
  1541 | D:2      | Reached skill level 1 in Dodging
  1541 | D:2      | Reached skill level 1 in Stealth
  1541 | D:2      | Reached skill level 1 in Unarmed Combat
  1541 | D:2      | Reached skill level 1 in Spellcasting
  1541 | D:2      | Reached skill level 1 in Evocations
  1688 | D:2      | Found a sparkling altar of Nemelex Xobeh.
  1930 | D:2      | Reached XP level 4. HP: 34/34 MP: 5/5
  1947 | D:2      | Reached skill level 1 in Conjurations
  1947 | D:2      | Reached skill level 1 in Hexes
  1947 | D:2      | Reached skill level 1 in Summonings
  1947 | D:2      | Reached skill level 1 in Necromancy
  1947 | D:2      | Reached skill level 1 in Translocations
  1947 | D:2      | Reached skill level 1 in Transmutations
  1947 | D:2      | Reached skill level 1 in Fire Magic
  1947 | D:2      | Reached skill level 1 in Ice Magic
  1947 | D:2      | Reached skill level 1 in Air Magic
  1947 | D:2      | Reached skill level 1 in Earth Magic
  1947 | D:2      | Reached skill level 1 in Poison Magic
  2607 | D:3      | Found Piaf's Assorted Antiques.
  2654 | D:3      | Reached XP level 5. HP: 28/41 MP: 5/7
  2958 | D:3      | Noticed Natasha
  2966 | D:3      | Killed Natasha
  3006 | D:3      | Identified the +8 falchion "Vadghuts" {drain, SInv}
  3013 | D:3      | Found a glowing golden altar of the Shining One.
  3016 | D:3      | Found a radiant altar of Vehumet.
  3208 | D:3      | Noticed Sigmund
  3218 | D:3      | Killed Sigmund
  3219 | D:3      | Reached skill level 5 in Long Blades
  3219 | D:3      | Reached skill level 5 in Shields
  3219 | D:3      | Reached XP level 6. HP: 47/47 MP: 7/9
  3501 | D:3      | Noticed Natasha
  3506 | D:3      | Killed Natasha
  3585 | D:3      | Noticed Natasha
  3595 | D:3      | Found a glowing golden altar of the Shining One.
  3604 | D:3      | Killed Natasha
  3605 | D:3      | Found a radiant altar of Vehumet.
  3872 | D:3      | Found Piaf's Assorted Antiques.
  4236 | D:4      | Reached XP level 7. HP: 52/52 MP: 10/10
  4560 | D:4      | Found a large runed translucent door.
  4560 | D:4      | Found a large runed translucent door.
  4586 | D:4      | Noticed a yak
  4594 | D:4      | Killed a yak
  4595 | D:4      | Reached skill level 9 in Maces & Flails
  4670 | D:4      | Found a large runed translucent door.
  4670 | D:4      | Found a large runed translucent door.
  4767 | D:4      | Reached XP level 8. HP: 58/60 MP: 12/12
  4970 | D:5      | Entered Level 5 of the Dungeon
  5160 | D:5      | Found a staircase to the Ecumenical Temple.
  5174 | Temple   | Entered the Ecumenical Temple
  5181 | Temple   | Became a worshipper of Warmaster Okawaru
  5924 | D:5      | Found Wuizach's General Store.
  5928 | D:5      | Bought a scroll of magic mapping for 82 gold pieces
  5928 | D:5      | Bought a scroll of identify for 22 gold pieces
  6629 | D:6      | Noticed Edmund
  6644 | D:6      | Killed Edmund
  6755 | D:6      | Found a stormy altar of Qazlal.
  6918 | D:5      | Reached XP level 9. HP: 18/66 MP: 14/14
  7150 | D:5      | Reached * piety under Okawaru
  7206 | D:6      | Found a white marble altar of Elyvilon.
  7301 | D:6      | Reached skill level 5 in Fighting
  7301 | D:6      | Reached skill level 5 in Armour
  7715 | D:7      | Found a flagged portal.
  7724 | D:7      | Identified the +0 hand axe of Vyugol {spect, rN+ Will-
                  | Stlth+}
  7732 | Bailey   | Entered a bailey
  7834 | Bailey   | Identified the +6 rapier of the Sneaky Spines {holy, Str+4
                  | Int+6 Dex+2}
  7961 | Bailey   | Reached ** piety under Okawaru
  7962 | Bailey   | Reached skill level 5 in Invocations
  8275 | D:7      | Noticed a cyclops
  8290 | D:7      | Killed a cyclops
  8430 | D:7      | Noticed Pikel
  8438 | D:7      | Killed Pikel
  8438 | D:7      | Reached *** piety under Okawaru
  8439 | D:7      | Reached skill level 5 in Short Blades
  8439 | D:7      | Reached skill level 5 in Axes
  8439 | D:7      | Reached skill level 10 in Maces & Flails
  8439 | D:7      | Reached skill level 5 in Polearms
  8439 | D:7      | Reached skill level 5 in Staves
  8439 | D:7      | Reached skill level 5 in Ranged Weapons
  8439 | D:7      | Reached skill level 5 in Throwing
  8439 | D:7      | Reached skill level 5 in Dodging
  8439 | D:7      | Reached skill level 5 in Stealth
  8439 | D:7      | Reached skill level 5 in Unarmed Combat
  8439 | D:7      | Reached skill level 5 in Spellcasting
  8439 | D:7      | Reached skill level 5 in Evocations
  8439 | D:7      | Reached XP level 10. HP: 69/76 MP: 17/17
  8479 | D:7      | Noticed Prince Ribbit
  8484 | D:7      | Killed Prince Ribbit
  9397 | D:8      | Noticed a cane toad
  9397 | D:8      | Found Yffil's Distillery.
  9402 | D:8      | Killed a cane toad
  9402 | D:8      | Reached **** piety under Okawaru
  9798 | D:8      | HP: 3/69 [vampire (1)]
  9799 | D:8      | Slain by a vampire

Illustrated notes

Levels and vault maps discovered:
D:1:      zaba_arrival_water, layout_loops_ring, ebering_ecumenical_altar_rust,
          serial_shops, nicolae_shop_hallway_stairs
D:2:      layout_basic, basic_altar, minmay_misc_feat_nine_boxes,
          dreamdust_princess_corridor
D:3:      layout_loops_ring, nicolae_overflow_squiral, serial_shops,
          shop_statue, kennysheep_generic_room_7, uniq_natasha, uniq_sigmund
D:4:      layout_rooms, minmay_hollow_rounded_squares
D:5:      layout_basic, minmay_temple_entry_ruins, serial_shops,
          nicolae_shop_behind_doors
D:6:      layout_cave_pools, kennysheep_mini_moat, lemuel_tele_altar, hex_tiny,
          nicolae_eternal_life, uniq_edmund
D:7:      layout_loops_ring, enter_bailey_2, nicolae_hexahallways,
          hangedman_abyss_or_decor_slice, uniq_pikel, uniq_prince_ribbit1
D:8:      layout_gridville, kiku_gazebo_pond_becter, serial_shops,
          nicolae_stop_n_shop_2, kennysheep_small_square
Temple:   nicolae_temple_bog_church

Skill      XL: |  1  2  3  4  5  6  7  8  9 10 |
---------------+-------------------------------+-----
Invocations    | 1 2 3 4 5 6 |  6.0
Short Blades   | 1 2 3 5 |  5.4
Axes           | 1 2 3 5 |  5.4
Polearms       | 1 2 3 5 |  5.4
Staves         | 1 2 3 5 |  5.4
Ranged Weapons | 1 2 3 5 |  5.4
Throwing       | 1 2 3 5 |  5.4
Dodging        | 1 2 3 5 |  5.4
Stealth        | 1 2 3 5 |  5.4
Unarmed Combat | 1 2 3 5 |  5.4
Spellcasting   | 1 2 3 5 |  5.4
Evocations     | 1 2 3 5 |  5.4
Conjurations   | 1 2 3 4 |  4.5
Hexes          | 1 2 3 4 |  4.5
Summonings     | 1 2 3 4 |  4.5
Necromancy     | 1 2 3 4 |  4.5
Translocations | 1 2 3 4 |  4.5
Transmutations | 1 2 3 4 |  4.5
Fire Magic     | 1 2 3 4 |  4.5
Ice Magic      | 1 2 3 4 |  4.5
Air Magic      | 1 2 3 4 |  4.5
Earth Magic    | 1 2 3 4 |  4.5
Poison Magic   | 1 2 3 4 |  4.5
Fighting       | 3 4 5 6 |  6.1
Armour         | 3 4 5 6 |  6.1
Long Blades    | 5 6 7 |  7.2
Shields        | 5 6 7 |  7.2
Maces & Flails | 9 10 | 10.2

Action                   |  1- 3 |  4- 6 |  7- 9 | 10-12 || total
-------------------------+-------+-------+-------+-------++-------
Melee: Falchion          |   124 |    30 |   275 |    68 ||   497
       Bite              |    15 |     9 |    34 |     8 ||    66
       Dagger            |     2 |    70 |       |       ||    72
 Abil: Evoke Blink       |       |     1 |       |     2 ||     3
       Evoke Invisibilit |       |       |       |     1 ||     1
  Use: Scroll            |       |       |    17 |       ||    17
       Potion            |       |       |     1 |     1 ||     2
 Stab: Sleeping          |       |       |     4 |     1 ||     5
       Distracted        |       |       |     1 |       ||     1
       Invisible         |       |       |       |     1 ||     1
Armor: Leather armour    |    18 |       |       |       ||    18
       Scale mail        |    11 |       |       |       ||    11
       Ring mail         |    10 |    39 |    76 |    27 ||   152
Dodge: Dodged            |    48 |    32 |   122 |    55 ||   257
Block: Buckler           |    29 |    20 |    79 |    40 ||   168
